AoeStats
← Lord Buias

Arabia

506025614Analyzed
1v1 RM · 21d ago on Sep 12, 2026· 58m 38s· 2 players
Game mode
Random Map
Map size
Tiny (2 player)
Population
200
Speed
Normal
Resources
Standard
Victory
Conquest
Starting age
Dark Age
Ending age
Imperial Age
RankedLock teamsTeams togetherTeam positionsShared explorationLock speedFull tech treeHidden civsTurbo modeCheats
Victory
Defeat
🇦🇷 Lithuanians · Argentina
801
+16
🇧🇷 Franks · Brazil
794
-16
Lord Buias
5:03 Loom
10:40 Feudal Age
12:08 Wheelbarrow
16:33 Forging
17:52 Man-at-Arms
19:49 Town Watch
22:01 Padded Archer Armor
28:16 Castle Age
26:36 Gold Mining
26:33 Double-Bit Axe
27:34 Fletching
30:58 Hand Cart
32:07 Squires
31:30 Elite Skirmisher
34:56 Town Patrol
35:50 Fervor
36:13 Murder Holes
41:18 Imperial Age
39:51 Bow Saw
39:45 Pikeman
39:47 Long Swordsman
40:33 Scale Mail Armor
42:14 Leather Archer Armor
44:11 Conscription
44:53 Chemistry
43:28 Crossbowman
47:20 Scale Barding Armor
47:19 Husbandry
47:24 Arrowslits
WeeDay
7:17 Loom
12:48 Feudal Age
12:52 Man-at-Arms
13:18 Arson
13:37 Double-Bit Axe
15:40 Fletching
16:01 Forging
25:48 Castle Age
28:39 Fervor
28:27 Gold Mining
28:19 Horse Collar
28:51 Bow Saw
37:17 Imperial Age
35:22 Wheelbarrow
34:33 Town Watch
38:32 Cavalier
39:13 Husbandry
39:23 Bloodlines
39:50 Iron Casting
39:22 Scale Barding Armor
39:14 Bodkin Arrow
38:42 Elite Skirmisher
41:49 Chemistry
40:46 Stone Mining
40:58 Heavy Plow
42:23 Conscription
42:07 Tower Shields
44:20 Chain Barding Armor
44:00 Bracer
44:01 Padded Archer Armor
47:14 Light Cavalry
48:32 Hand Cart
49:18 Plate Barding Armor
48:52 Hill Forts
49:34 Hoardings
51:18 Paladin
56:00 Coinage
54:58 Winged Hussar
57:32 Stone Shaft Mining
Connection lost

Rejoining the realm…

Still unreachable

The connection could not be restored.

Session expired

The server has moved on; the page needs a fresh start.